 Dungeon Crawl Stone Soup version 0.23.2-33-g5129a83184 (webtiles) character file.

Game seed: 11853105090952395255

92434 shadizar the Blocker (level 16, -5/104 HPs)
             Began as a Gargoyle Fighter on July 2, 2019.
             Was a Believer of the Shining One.
             Killed by the air
             ... invoked by a titan
             ... created by the fury of Okawaru
              (33 damage)
             ... on level 14 of the Dungeon.
             The game lasted 00:52:25 (25280 turns).

shadizar the Blocker (Gargoyle Fighter)            Turns: 25280, Time: 00:52:26

Health: -5/104     AC: 39    Str: 26    XL:     16   Next: 6%
Magic:  23/23      EV: 14    Int:  8    God:    the Shining One [**....]
Gold:   1661       SH: 30    Dex: 15    Spells: 15/15 levels left

rFire    + + +     SeeInvis .   x - +9 flail of Indignation {protect, Dex+6}
rCold    + . .     Gourm    +   K - +0 large shield
rNeg     + + +     Faith    .   l - +0 pearl dragon scales
rPois    ∞         Spirit   .   L - +1 helmet {Int+3}
rElec    +         Reflect  .   o - scarf {cloud immunity}
rCorr    +         Harm     .   E - +0 pair of gloves
MR       ++...     NoTele   +   (no boots)
Stlth    ..........             u - amulet of Gijuor Xusa {Gourm -Tele rF+++ rC+ Int-5}
HPRegen  0.27/turn              D - ring of protection from magic
MPRegen  0.18/turn              X - ring of resist corrosion

@: divine shield, protection aura, flying, hasted, glowing, very quick
A: big wings, negative energy resistance 1, electricity resistance, unbreathing,
petrification resistance, rot immunity, AC +12
a: Stop Flying, Divine Shield, Renounce Religion


You were on level 14 of the Dungeon.
You worshipped the Shining One.
The Shining One was pleased with you.
You were completely stuffed.

You visited 5 branches of the dungeon, and saw 24 of its levels.
You visited the Abyss 1 time.
You also visited: Trove.

You collected 2541 gold pieces.
You spent 880 gold pieces at shops.

Inventory:

Hand Weapons
 a - a +5 eveningstar of crushing
 x - the +9 flail of Indignation (weapon) {protect, Dex+6}
   (You found it on level 6 of the Dungeon)

   It protects the one who uses it against injury (+AC on strike).
   It affects your dexterity (+6).
 N - a +7 demon whip of venom
Armour
 l - +0 pearl dragon scales (worn)
 o - a scarf of cloud immunity (worn)
 p - the +8 chain mail of the New World {rC- MR+ MP+9}
   (You found it on level 11 of the Dungeon)

   It makes you vulnerable to cold.
   It affects your resistance to hostile enchantments.
   It affects your magic capacity (+9).
 E - a +0 pair of gloves (worn)
 K - a +0 large shield (worn)
 L - a +1 helmet of intelligence (worn)
Jewellery
 t - a cursed ring of attention {unknown}
 u - the amulet of Gijuor Xusa (around neck) {Gourm -Tele rF+++ rC+ Int-5}
   (You bought it in a shop on level 2 of the Orcish Mines)

   [amulet of the gourmand]

   It allows you to eat raw meat even when not hungry.
   It affects your intelligence (-5).
   It renders you almost immune to fire.
   It protects you from cold.
   It prevents most forms of teleportation.
 v - a +3 ring of intelligence {unknown}
 C - an uncursed ring of positive energy
 D - a ring of protection from magic (left hand)
 G - an uncursed ring of protection from cold
 X - a ring of resist corrosion (right hand)
Wands
 c - a wand of disintegration (10)
 e - a wand of polymorph (7)
 n - a wand of enslavement (29)
 H - a wand of digging (9)
Scrolls
 g - 4 scrolls of magic mapping
 h - 18 scrolls of remove curse
 i - 7 scrolls of enchant armour
 j - 11 scrolls of teleportation
 m - 10 scrolls of identify
 q - 2 scrolls of fear
 s - 3 scrolls of brand weapon
 F - 5 scrolls of enchant weapon
 J - 4 scrolls of blinking
Potions
 b - 2 potions of berserk rage
 d - 6 potions of might
 k - 9 potions of curing
 r - 2 potions of agility
 A - a potion of cancellation
 W - a potion of resistance
Miscellaneous
 Q - 2 sacks of spiders
Comestibles
 f - 62 rations
 w - 4 chunks of flesh


   Skills:
 + Level 13.0 Fighting
 + Level 13.4 Maces & Flails
 + Level 13.0 Armour
 + Level 9.5 Dodging
 - Level 0.4 Stealth
 + Level 13.4 Shields
 - Level 10.1 Invocations


You had 15 spell levels left.
You didn't know any spells.
Your spell library contained the following spells:

 Spells                   Type           Power        Failure   Level  Hunger
 Animate Skeleton         Necr           N/A          99%         1    ##.....
 Confusing Touch          Hex            #.....       99%         1    ##.....
 Flame Tongue             Conj/Fire      #....        99%         1    ##.....
 Magic Dart               Conj           #...         99%         1    ##.....
 Pain                     Necr           #...         99%         1    ##.....
 Shock                    Conj/Air       #...         99%         1    ##.....
 Sting                    Conj/Pois      #...         99%         1    ##.....
 Blink                    Tloc           N/A          99%         2    ###....
 Call Imp                 Summ           #.......     99%         2    ###....
 Searing Ray              Conj           #.....       99%         2    ###....
 Slow                     Hex            #.......     99%         2    ###....
 Swiftness                Chrm/Air       #.......     99%         2    ###....
 Throw Flame              Conj/Fire      #.....       99%         2    ###....
 Confuse                  Hex            #.......     100%        3    ####...
 Conjure Flame            Conj/Fire      #.......     100%        3    ####...
 Dazzling Spray           Conj/Hex       #.....       100%        3    ####...
 Gell's Gravitas          Tloc           #.........   100%        3    ####...
 Inner Flame              Hex/Fire       #.......     100%        3    ####...
 Mephitic Cloud           Conj/Pois/Air  #.......     100%        3    ####...
 Ozocubu's Armour         Chrm/Ice       #.......     100%        3    ####...
 Regeneration             Chrm/Necr      #.........   100%        3    ####...
 Spectral Weapon          Hex/Chrm       #.......     100%        3    ####...
 Static Discharge         Conj/Air       #.......     100%        3    ####...
 Vampiric Draining        Necr           #.........   100%        3    ####...
 Airstrike                Air            #.........   100%        4    #####..
 Animate Dead             Necr           N/A          100%        4    #####..
 Cause Fear               Hex            #.........   100%        4    #####..
 Force Lance              Conj/Tloc      #.......     100%        4    #####..
 Fulminant Prism          Conj/Hex       #.........   100%        4    #####..
 Iskenderun's Mystic Bla  Conj           #.......     100%        4    #####..
 Petrify                  Tmut/Erth      #.......     100%        4    #####..
 Sticky Flame             Conj/Fire      #.......     100%        4    #####..
 Fireball                 Conj/Fire      #.........   100%        5    ######.
 Lightning Bolt           Conj/Air       #.........   100%        5    ######.
 Metabolic Englaciation   Hex/Ice        #.........   100%        5    ######.
 Silence                  Hex/Air        #.........   100%        5    ######.
 Venom Bolt               Conj/Pois      #.........   100%        5    ######.
 Yara's Violent Unravell  Hex/Tmut       #.........   100%        5    ######.
 Deflect Missiles         Chrm/Air       #.........   100%        6    #######
 Discord                  Hex            #.........   100%        8    #######


Dungeon Overview and Level Annotations

Branches:
Dungeon (14/15)            Temple (1/1) D:4            Lair (6/6) D:9
 Shoals (1/4) Lair:4       Spider (0/4) Lair:3        Slime (0/5) Lair:6
    Orc (2/2) D:12            Elf (0/3) Orc:2        Vaults (0/5) D:14

Altars:
Ashenzari
Cheibriados
Dithmenos
Elyvilon
Fedhas
Gozag
Hepliaklqana
Kikubaaqudgha
Makhleb
Nemelex Xobeh
Okawaru
Qazlal
Ru
Sif Muna
Trog
Uskayaw
Vehumet
Wu Jian
Xom
Yredelemnul
Zin
The Shining One

Shops:
D:13 *   Orc:2 }!==

Annotations:
Lair:4 exclusion: oklob plant


Innate Abilities, Weirdness & Mutations

You are resistant to torment.
Your stone body is resilient. (AC +12)
You are immune to poison.
Your large and strong wings let you fly indefinitely.
You resist negative energy. (rN+)
You are resistant to electric shocks. (rElec)
You can survive without breathing.
You are immune to petrification.
You are immune to rotting.


Message History

* * * LOW HITPOINT WARNING * * *
You block the titan's attack.
You hear a shout!
Unknown command.
You completely miss the titan.
The titan is moderately wounded.
You block the deep elf archer's attack. You block the titan's attack. x2
Unknown command.
You cannot teleport because you are wearing the amulet of Gijuor Xusa {Gourm -Tele rF+++ rC+ Int-5}.
Unknown command.
Unknown command.
You are confused.
You feel invigorated.
Unknown command.
Unknown command.
Unknown command.
You feel better.
You feel less invigorated.
The titan waves its arms in wide circles.
The air twists around and violently strikes you in flight!
You die...

......#### ##.##
#...#.##......##
#####.#
#..###........######
#.# #.........#####
#.## #...##...##
#####..# #........#
<......# #..##....#
##.....#
#..###...### #######
#.##oeC###....#
...ooeC@eee##.#
##########........
#######.. ..? ##


You could see 2 titans, a deep elf master archer, a deep elf death mage, a deep
elf sorcerer, 2 deep elf archers, an orc warrior and 2 orcs.

Vanquished Creatures
  Jorgrun (D:12)
  3 fire giants
  A frost giant (D:14)
  Louise (D:14)
  2 stone giants
  Nessos (D:14)
  A green draconian (D:14)
  2 merfolk javelineers
  A fire dragon (Lair:6)
  4 ogre magi (Orc:2)
  Erolcha (D:12)
  3 naga warriors (D:14)
  4 hydras
  3 centaur warriors
  A death knight (D:11)
  A catoblepas (Lair:6)
  3 death yaks
  24 two-headed ogres
  4 tengu warriors (D:14)
  An orc high priest (Orc:2)
  A soul eater (Abyss:2)
  A deep elf knight (D:14)
  A sixfirhy (D:14)
  2 unseen horrors (D:12)
  A swamp dragon (Lair:6)
  4 harpies
  3 deep elf archers (D:14)
  3 deep elf magi
  An ugly thing (D:11)
  An orc knight (Orc:1)
  2 manticores
  2 orc sorcerers
  4 cyclopes
  6 slime creatures
  4 black mambas
  A salamander (D:14)
  Maurice (D:13)
  Psyche (D:8)
  2 smoke demons (Abyss:2)
  A centaur zombie (D:13)
  2 gargoyles (D:14)
  2 centaur skeletons
  10 spiny frogs
  A torpor snail (Lair:5)
  6 komodo dragons
  6 rime drakes
  9 trolls
  9 polar bears (Lair:6)
  Grinder (D:6)
  4 merfolk
  A hornet (D:12)
  3 meliai (D:14)
  A wolf spider simulacrum (D:14)
  10 blink frogs
  2 raiju
  4 dream sheep
  A snapping turtle (Shoals:1)
  2 large abominations (Abyss:2)
  13 hippogriffs
  A meliai zombie (D:14)
  Sigmund (D:6)
  2 shadows
  4 wyverns
  A wraith (D:11)
  52 yaks
  10 basilisks
  Eustachio (D:6)
  2 steam dragons
  3 hungry ghosts
  A neqoxec (Abyss:2)
  2 vampire mosquitoes (D:13)
  Edmund (D:4)
  5 wargs
  5 nagas (D:14)
  A soldier ant (D:14)
  2 acid dragons (Lair:6)
  7 porcupines
  16 hell hounds (Lair:6)
  12 water moccasins
  5 ice beasts
  2 swamp drakes (Lair:6)
  11 orc warriors
  2 sky beasts (D:10)
  14 black bears
  An eye of draining (D:11)
  29 ogres
  3 phantoms
  22 wolves
  11 centaurs
  12 crocodiles
  A gnoll sergeant (D:7)
  28 bullfrogs
  A water moccasin zombie (D:6)
  A wyvern skeleton (D:14)
  3 troll zombies (D:12)
  6 killer bees (D:13)
  2 scorpions
  A water moccasin skeleton (D:6)
  A wight (D:6)
  10 howler monkeys
  2 electric eels (D:9)
  8 crimson imps
  4 quasits
  2 bullfrog zombies (D:6)
  5 jellies
  Crazy Yiuf (D:2)
  11 hounds
  10 orc priests
  10 orc wizards
  A bullfrog skeleton (D:11)
  3 iguanas
  12 worker ants
  2 killer bee zombies
  A bullfrog simulacrum (D:9)
  5 ogre zombies (D:12)
  A killer bee simulacrum (D:9)
  A worker ant zombie (D:11)
  A howler monkey skeleton (D:7)
  8 adders
  15 gnolls
  4 shadow imps
  An ooze (D:6)
  2 adder skeletons
  5 worms
  3 dart slugs
  An adder simulacrum (D:9)
  9 leopard geckos
  60 orcs
  6 giant cockroaches
  8 goblins
  18 hobgoblins
  A jackal (D:6)
  4 quokkas
  2 ball pythons
  A ball python skeleton (D:5)
  2 bats
  8 frilled lizards
  A goblin skeleton (D:12)
  4 goblin zombies (D:12)
  A hobgoblin skeleton (D:12)
  A hobgoblin zombie (D:12)
  A jackal zombie (D:6)
  7 kobolds
  4 orc skeletons (D:12)
  14 orc zombies (D:12)
  8 rats
  8 plants (Lair:3)
773 creatures vanquished.

Vanquished Creatures (others)
  5 fungi
  A lurking horror (Abyss:2)
  14 plants (Lair:6)
20 creatures vanquished.

Grand Total: 793 creatures vanquished

Notes
Turn   | Place    | Note
-------+----------+-------------------------------------------
     0 | D:1      | shadizar the Gargoyle Fighter began the quest for the Orb.
     0 | D:1      | Reached XP level 1. HP: 14/14 MP: 1/1
    88 | D:1      | Reached XP level 2. HP: 18/19 MP: 2/2
   568 | D:2      | Reached XP level 3. HP: 14/23 MP: 3/3
   712 | D:2      | Found a shadowy altar of Dithmenos.
   712 | D:2      | Found a bloodstained altar of Trog.
   775 | D:2      | Reached XP level 4. HP: 25/29 MP: 4/4
  1249 | D:2      | Found a runed translucent door.
  1250 | D:2      | Noticed Crazy Yiuf
  1865 | D:3      | Reached XP level 5. HP: 16/33 MP: 5/5
  2113 | D:3      | Found a blossoming altar of Fedhas.
  2153 | D:3      | Reached XP level 6. HP: 28/38 MP: 6/6
  2700 | D:4      | Noticed an angel
  2874 | D:4      | Found a staircase to the Ecumenical Temple.
  2883 | Temple   | Entered the Ecumenical Temple
  2903 | Temple   | Became a worshipper of Warmaster Okawaru
  3490 | D:4      | Noticed Edmund
  3655 | D:4      | Noticed a rust devil
  4168 | D:4      | Killed Edmund
  4168 | D:4      | Reached XP level 7. HP: 22/44 MP: 7/7
  4402 | D:5      | Entered Level 5 of the Dungeon
  4443 | D:5      | Reached skill level 5 in Fighting
  4443 | D:5      | Reached skill level 1 in Dodging
  4515 | D:5      | Reached skill level 5 in Shields
  4525 | D:5      | Reached * piety under Okawaru
  4525 | D:5      | Reached skill level 5 in Maces & Flails
  4758 | D:5      | Reached skill level 5 in Armour
  4758 | D:5      | Reached XP level 8. HP: 29/49 MP: 8/8
  5163 | D:6      | Noticed Eustachio
  5172 | D:6      | Killed Eustachio
  5511 | D:6      | Reached ** piety under Okawaru
  5545 | D:6      | Noticed Grinder
  5551 | D:6      | Killed Grinder
  5551 | D:6      | Reached XP level 9. HP: 46/55 MP: 6/9
  5680 | D:6      | Found a hazy altar of Hepliaklqana.
  5681 | D:6      | Found a shimmering altar of Xom.
  5682 | D:6      | Noticed a spectral ugly thing
  5749 | D:6      | Found a large runed translucent door.
  5749 | D:6      | Found a large runed translucent door.
  5798 | D:6      | Found a large runed translucent door.
  5798 | D:6      | Found a large runed translucent door.
  5807 | D:6      | Got a jewelled long sword
  5815 | D:6      | Got a pitted flail
  5915 | D:6      | Found a snail-covered altar of Cheibriados.
  6058 | D:6      | Found a deep blue altar of Sif Muna.
  6226 | D:6      | Noticed Sigmund
  6234 | D:6      | Killed Sigmund
  6234 | D:6      | Reached *** piety under Okawaru
  6559 | D:2      | Killed Crazy Yiuf
  6996 | D:6      | Identified the +9 flail of Indignation {protect, Dex+6}
                  | (You found it on level 6 of the Dungeon)
  6997 | D:6      | Identified the +3 long sword "Meroix" {drain, *Slow Str+4}
                  | (You found it on level 6 of the Dungeon)
  7164 | D:7      | Reached skill level 1 in Invocations
  7164 | D:7      | Reached XP level 10. HP: 61/61 MP: 10/10
  7815 | D:8      | Noticed a two-headed ogre
  7831 | D:8      | Killed a two-headed ogre
  7831 | D:8      | Reached **** piety under Okawaru
  8105 | D:8      | Noticed Psyche
  8111 | D:8      | Killed Psyche
  8439 | D:9      | Found a staircase to the Lair.
  8469 | D:9      | Received a gift from Okawaru
  8527 | D:9      | Reached ***** piety under Okawaru
  8689 | D:9      | Reached XP level 11. HP: 66/68 MP: 12/14
  8699 | D:9      | Found an ornate altar of the Wu Jian Council.
  8974 | D:9      | Found a sparkling altar of Nemelex Xobeh.
  9233 | Lair:1   | Entered Level 1 of the Lair of Beasts
  9267 | Lair:1   | Received a gift from Okawaru
  9361 | Lair:1   | Received a gift from Okawaru
  9368 | Lair:1   | Reached skill level 5 in Invocations
  9433 | Lair:1   | Reached skill level 10 in Maces & Flails
  9645 | Lair:1   | Reached skill level 5 in Dodging
 10653 | Lair:2   | Reached XP level 12. HP: 59/76 MP: 16/16
 11152 | Lair:3   | Reached skill level 10 in Shields
 11156 | Lair:3   | Found a hole to the Spider Nest.
 12098 | Lair:4   | Noticed a five-headed hydra
 12112 | Lair:4   | Killed a five-headed hydra
 12372 | Lair:4   | Found a staircase to the Shoals.
 12596 | Lair:4   | Received a gift from Okawaru
 13030 | Lair:5   | Noticed a seven-headed hydra
 13070 | Lair:5   | Killed a seven-headed hydra
 13070 | Lair:5   | Reached skill level 10 in Fighting
 13529 | Lair:4   | Reached XP level 13. HP: 69/82 MP: 18/18
 13534 | Lair:4   | Reached skill level 10 in Armour
 14474 | Lair:6   | Entered Level 6 of the Lair of Beasts
 15168 | Lair:6   | Received a gift from Okawaru
 15249 | Lair:6   | Reached ****** piety under Okawaru
 15494 | Lair:6   | Received a gift from Okawaru
 15923 | Lair:6   | Gained mutation: Your large and strong wings let you fly
                  | indefinitely. [Gargoyle growth]
 15923 | Lair:6   | Reached XP level 14. HP: 82/90 MP: 20/20
 16072 | Lair:6   | Got a warped scale mail
 16503 | Lair:6   | Found a staircase to the Slime Pits.
 16708 | Lair:6   | Identified the +4 scale mail "Maics" {rElec Str-5 Int+5}
                  | (You found it on level 6 of the Lair of Beasts)
 16909 | D:10     | Entered Level 10 of the Dungeon
 16917 | D:10     | Received a gift from Okawaru
 17198 | D:10     | Found a portal to a secret trove of treasure.
 17265 | Trove    | Entered a treasure trove
 17291 | Trove    | Got a jewelled rapier
 17712 | D:10     | Identified the +6 rapier of Youthful Indiscretion {flame,
                  | +Blink rC- Str+3 Dex+7} (You found it in a treasure trove)
 17956 | D:11     | Identified the Collected Works on Enhancements and
                  | Envenoming
 18216 | D:11     | Got a dazzling chain mail
 18601 | D:12     | Noticed Erolcha
 18610 | D:12     | Killed Erolcha
 19036 | D:12     | Found a staircase to the Orcish Mines.
 19410 | D:12     | Noticed Jorgrun
 19431 | D:12     | Killed Jorgrun
 19431 | D:12     | Reached skill level 10 in Invocations
 19623 | D:12     | Identified the +8 chain mail of the New World {rC- MR+
                  | MP+9} (You found it on level 11 of the Dungeon)
 19633 | D:12     | Identified a scroll of acquirement
 19636 | D:12     | Got a heavily runed iron ring
 19640 | D:12     | Identified the ring of Pimnu {AC+2 Dex+2} (You acquired it
                  | on level 12 of the Dungeon)
 19690 | Orc:1    | Entered Level 1 of the Orcish Mines
 19927 | Orc:2    | Entered Level 2 of the Orcish Mines
 20147 | Orc:2    | Found a staircase to the Elven Halls.
 20405 | Orc:2    | Reached XP level 15. HP: 96/96 MP: 22/22
 20500 | Orc:2    | Found Kyvueghy's Gadget Shop.
 20500 | Orc:2    | Found Ruam's Jewellery Shoppe.
 20500 | Orc:2    | Found Irhol's Distillery.
 20500 | Orc:2    | Found Oblim's Jewellery Boutique.
 20607 | Orc:2    | Bought the amulet of Gijuor Xusa {Gourm -Tele rF+++ rC+
                  | Int-5} for 880 gold pieces
 21021 | Orc:1    | You are sucked into a shaft!
 21636 | Shoals:1 | Entered Level 1 of the Shoals
 22246 | Temple   | Fell from the grace of Okawaru
 22246 | Temple   | Became a worshipper of the Shining One
 22499 | D:13     | Noticed a fire giant
 22528 | D:13     | Killed a fire giant
 23063 | D:13     | Noticed Maurice
 23074 | D:13     | Killed Maurice
 23210 | D:13     | Found Mocwim's Elemental Accessories.
 23308 | D:13     | Noticed a fire giant
 23317 | D:13     | Killed a fire giant
 23355 | D:14     | Reached * piety under the Shining One
 23380 | D:14     | Found a shattered altar of Ashenzari.
 23834 | D:14     | Noticed Louise
 23845 | D:14     | Cast into level 2 of the Abyss (Louise)
 23948 | Abyss:2  | Reached ** piety under the Shining One
 24032 | D:14     | Escaped the Abyss
 24118 | D:14     | Killed Louise
 24213 | D:14     | Found the +27 Lear's hauberk
 24356 | D:14     | Noticed a fire giant
 24393 | D:14     | Killed a fire giant
 24591 | D:14     | Reached XP level 16. HP: 29/103 MP: 23/23
 25102 | D:14     | Noticed Nessos
 25109 | D:14     | Found a gate to the Vaults.
 25121 | D:14     | Killed Nessos
 25269 | D:14     | Noticed a deep elf master archer
 25269 | D:14     | Noticed a titan
 25269 | D:14     | Noticed a titan
 25280 | D:14     | Killed from afar by a titan

Skill      XL: |  1  2  3  4  5  6  7  8  9 10 11 12 13 14 15 16 |
---------------+-------------------------------------------------+-----
Shields        | 4 5 6 7 8 9 10 11 12 13 | 13.4
Maces & Flails | 3 4 5 7 8 9 10 11 12 13 | 13.4
Fighting       | 4 5 6 7 9 10 11 12 13 | 13.0
Armour         | 4 5 6 7 8 9 11 12 13 | 13.0
Dodging        | 1 2 4 5 6 7 8 9 |  9.5
Invocations    | 1 4 6 7 9 10 | 10.1
Stealth        | |  0.4

Action                   |  1- 3 |  4- 6 |  7- 9 | 10-12 | 13-15 | 16-18 || total
-------------------------+-------+-------+-------+-------+-------+-------++-------
Melee: Flail             |   161 |   296 |   372 |   723 |  1891 |   131 ||  3574
Invok: Heroism           |       |       |     5 |     5 |    12 |       ||    22
       Finesse           |       |       |       |     1 |     1 |       ||     2
       Divine Shield     |       |       |       |       |     3 |     3 ||     6
 Abil: Fly               |       |       |       |       |     1 |       ||     1
Evoke: Wand              |       |       |       |       |     5 |       ||     5
  Use: Scroll            |       |       |    11 |       |    18 |       ||    29
       Potion            |       |       |       |       |     4 |     6 ||    10
  Eat: Chunk             |       |     9 |     9 |    21 |    50 |     5 ||    94
       Ration            |       |     1 |       |       |       |       ||     1
Armor: Scale mail        |    86 |   122 |    78 |       |       |       ||   286
       Chain mail        |       |       |   104 |   330 |    58 |       ||   492
       Plate armour      |       |       |       |       |   237 |       ||   237
       Pearl dragon scal |       |       |       |       |   537 |    39 ||   576
Dodge: Dodged            |    52 |    79 |   142 |   221 |   680 |    23 ||  1197
Block: Shield            |    99 |   142 |   203 |    43 |       |       ||   487
       Large shield      |       |       |       |   681 |  2008 |   144 ||  2833
